 Dungeon Crawl Stone Soup version 0.29-a0-495-g17b79114eb (webtiles) character file.

Game seed: 2513029603802208123

118 ptdevnull the Grave Robber (level 4, -2/36 HPs)
             Began as a Deep Dwarf Necromancer on May 27, 2022.
             Slain by a sky beast (4 damage)
             ... on level 4 of the Dungeon.
             The game lasted 00:09:16 (3404 turns).

ptdevnull the Grave Robber (Deep Dwarf Necromancer) Turns: 3404, Time: 00:09:17

Health: -2/36      AC:  3    Str: 12    XL:     4   Next: 72%
Magic:  2/8        EV: 12    Int: 17    God:
Gold:   173        SH:  0    Dex: 13    Spells: 4/8 levels left

rFire   . . .      SeeInvis .   l - +4 short sword
rCold   . . .      Faith    .   (no shield)
rNeg    . . .      Spirit   .   a - +0 robe
rPois   .          Reflect  .   (no helmet)
rElec   .          Harm     .   o - +0 cloak
rCorr   .          Rampage  .   (no gloves)
Will    .....                   (no boots)
Stlth   ++........              (no amulet)
HPRegen 0.00/turn               (no ring)
MPRegen 0.11/turn               (no ring)

@: no status effects
A: damage resistance, heal wounds, sense surroundings 1, no regeneration
a: Heal Wounds


You were on level 4 of the Dungeon.
You visited 1 branch of the dungeon, and saw 4 of its levels.

You collected 173 gold pieces.

Inventory:

Hand Weapons
 l - a +4 short sword (weapon)
 p - a +0 quarterstaff
Armour
 a - a +0 robe (worn)
 o - a +0 cloak (worn)
Scrolls
 e - a scroll of torment {unknown}
 f - a scroll of silence {unknown}
 j - a scroll of teleportation {unknown}
 k - a scroll of poison {unknown}
 m - a scroll of identify {unknown}
 n - 2 scrolls of blinking {unknown}
 q - a scroll of immolation {unknown}
 r - a scroll of magic mapping {unknown}
 s - a scroll of vulnerability {unknown}
Potions
 b - a potion of magic
 c - 2 potions of heal wounds {unknown}
 d - 3 potions of curing {unknown}
 g - 4 potions of attraction {unknown}
 h - a potion of haste {unknown}
 i - 3 potions of cancellation {unknown}


   Skills:
 - Level 2.1 Dodging
 - Level 2.4 Stealth
 + Level 2.7 Spellcasting
 * Level 6.1 Necromancy


You had 4 spell levels left.
You knew the following spells:

 Your Spells              Type           Power      Damage    Failure   Level
a - Necrotize             Necr           92%        1d8       1%          1
b - Vampiric Draining     Necr           23%        2d7       4%          3

Your spell library contained the following spells:

 Spells                   Type           Power      Damage    Failure   Level
 Animate Dead             Necr           23%        N/A       14%         4
 Slow                     Hex            8%         N/A       19%         1
 Summon Small Mammal      Summ           8%         N/A       19%         1
 Call Canine Familiar     Summ           2%         N/A       47%         3
 Confusing Touch          Hex            2%         N/A       47%         3
 Summon Guardian Golem    Hex/Summ       2%         N/A       47%         3
 Agony                    Necr           23%        N/A       38%         5


Dungeon Overview and Level Annotations

Branches:
Dungeon (4/15)
 Temple: D:4-7

Altars:

Shops:
D:1 =   D:2 (=


Innate Abilities, Weirdness & Mutations

You are resistant to damage.
You can heal yourself by infusing magical energy.
You passively map a small area around you.
You do not regenerate.


Message History

You barely miss the sky beast. The sky beast completely misses you.
You barely miss the sky beast. The sky beast hits you.
The sky beast shocks you.
You closely miss the sky beast.
The sky beast hits you but does no damage.
Casting: Necrotize (safe; 1% risk of failure)
Confirm with . or Enter, or press ? or * to list all spells.
Aiming: Vampiric Draining (dangerous; 4% risk of failure)
Press: ? - help, Shift-Dir - straight line, f - sky beast
Aim: a sky beast You draw life force from the sky beast.
You feel life coursing into your body. The sky beast closely misses you.
Casting: Vampiric Draining (dangerous; 4% risk of failure)
Confirm with . or Enter, or press ? or * to list all spells.
Aiming: Vampiric Draining (dangerous; 4% risk of failure)
Press: ? - help, Shift-Dir - straight line, f/p - sky beast
Aim: a sky beast (lightly wounded)
You draw life force from the sky beast.
You feel life coursing into your body. The sky beast hits you.
The sky beast shocks you.
You closely miss the sky beast.
The sky beast is moderately wounded.
The sky beast flickers out of sight!
Deactivating autopickup; reactivate with Ctrl-A.
Something hits you. Something shocks you.
* * * LOW HITPOINT WARNING * * *
You hit something. Something hits you. Something shocks you.
* * * LOW HITPOINT WARNING * * *
A sky beast appears from thin air!
Reactivating autopickup.
The sky beast hits you. The sky beast shocks you.
* * * LOW HITPOINT WARNING * * *
You puncture the sky beast!
The sky beast is severely wounded.
The sky beast flickers out of sight!
Deactivating autopickup; reactivate with Ctrl-A.
Something hits you but does no damage.
You barely miss something. Something hits you.
* * * LOW HITPOINT WARNING * * *
Something shocks you.
You die...

* * *
### , *
##<##,,,
#...#
#.♣.#
,,,
#.@.# **
* ##.{#
,,** * *
###.. ,
, .... *
, .♣....
, , *.
..#.
*###.,
.# ##..#
# #...#*
, , ,


There were no monsters in sight!

Vanquished Creatures
  3 adders
  2 worms
  3 dart slugs
  5 orcs
  6 endoplasms
  4 hobgoblins
  2 quokkas
  2 ball pythons
  9 bats
  A frilled lizard (D:2)
  5 goblins
  5 kobolds
  2 rats
  A spectral hobgoblin (D:1)
50 creatures vanquished.

Vanquished Creatures (collateral kills)
  An orc wizard (D:3)
  A goblin (D:1)
2 creatures vanquished.

Grand Total: 52 creatures vanquished

Notes
Turn   | Place    | Note
-------+----------+-------------------------------------------
     0 | D:1      | ptdevnull the Deep Dwarf Necromancer began the quest for
                  | the Orb.
     0 | D:1      | Reached XP level 1. HP: 15/15 MP: 3/3
   264 | D:1      | Reached XP level 2. HP: 19/22 MP: 0/5
   578 | D:1      | Reached skill level 5 in Necromancy
   698 | D:1      | Found Doakk's Jewellery Shoppe.
   789 | D:1      | Reached XP level 3. HP: 15/28 MP: 3/6
   892 | D:1      | Learned a level 3 spell: Vampiric Draining
  1007 | D:1      | Found a faded altar of an unknown god.
  1173 | D:1      | You fall into a shaft and drop 1 floor!
  1312 | D:2      | Found Deiwn's Jewellery Shoppe.
  1388 | D:2      | Found Feangar's Antique Weapon Shop.
  2374 | D:3      | Reached XP level 4. HP: 19/36 MP: 4/7
  2631 | D:3      | Reached skill level 6 in Necromancy
  3250 | D:4      | Noticed a sky beast
  3404 | D:4      | Slain by a sky beast

Illustrated notes

Levels and vault maps discovered:
D:1:      minmay_arrival_open_corners, layout_rooms,
          dreamdust_ecumenical_altar_drowned_temple, serial_shops, shop,
          chequers_garden, chequers_serial_rivers_micro_d,
          hangedman_decor_growths, nicolae_wormholes
D:2:      layout_basic, serial_shops, nicolae_shop_overgrown_old_shop,
          nicolae_shop_advertising_works [nicolae_subvault_shop_adworks],
          minmay_stone_trees_small, interstate_on_off, grunt_decor_one_mirror,
          chequers_big_river
D:3:      layout_loops_ring
D:4:      layout_cave_pools, kennysheep_mini, kennysheep_slug_shrine,
          grunt_ministairs_4

Skill      XL: |  1  2  3  4 |
---------------+-------------+-----
Spellcasting   | 2 |  2.7
Necromancy     | 5 6 |  6.1
Dodging        | |  2.1
Stealth        | |  2.4

Action                   |  1- 3 |  4- 6 || total
-------------------------+-------+-------++-------
Melee: Unarmed           |    10 |       ||    10
       Punch             |     1 |       ||     1
       Short sword       |    29 |    14 ||    43
 Cast: Necrotize         |    45 |    16 ||    61
       Vampiric Draining |     5 |     8 ||    13
 Stab: Sleeping          |     3 |     1 ||     4
Armor: Robe              |    11 |     6 ||    17
Dodge: Dodged            |    27 |     8 ||    35

Table legend: (Time is in decaauts)
 A = Elapsed time spent in this place.
 B = Non-inter-level travel time spent in this place.
 C = Inter-level travel time spent in this place.
 D = Time resting spent in this place.
 E = Time spent auto-exploring this place.
 F = Levels seen in this place.
 G = Mean time per level.
                   A        B        C        D        E       F      G
               +--------+--------+--------+--------+--------+-----+--------+
         Total |   3436 |   3278 |    158 |    950 |   1805 |   4 |  859.0 |
       Dungeon |   3436 |   3278 |    158 |    950 |   1805 |   4 |  859.0 |
               +--------+--------+--------+--------+--------+-----+--------+

Top non-repeatable levels by time:
     D:1: 1255 daAuts
     D:3: 1161 daAuts
     D:2: 941 daAuts
     D:4: 78 daAuts
